[Event "Titled Tuesday Blitz January 03 Late 2023"]
[White "Kostiukov, Alexandr"]
[Black "Manukian, Artak"]
[WhiteFideId "14108100"]
[BlackFideId "13301373"]
[WhiteElo "2271"]
[BlackElo "2196"]
[Result "0-1"]
[Round "10"]
[TimeControl "180+2"]
[Date "2023.01.03"]
[WhiteClock "0:00:02"]
[BlackClock "0:00:46"]

1. e4 c6 2. g3 d5 3. d3 dxe4 4. dxe4 Qxd1+ 5. Kxd1 Bg4+ 6. f3 Bd7 7. Be3 e5 8. Nd2 f6 9. Bh3 Bxh3 10. Nxh3 Nd7 11. Nf2 Bc5 12. Ke2 O-O-O 13. Nb3 Bxe3 14. Kxe3 Ne7 15. Rhd1 b6 16. a4 Nb8 17. Rxd8+ Rxd8 18. a5 Kb7 19. axb6 axb6 20. f4 Ng6 21. Nd3 Nd7 22. h4 Ra8 23. Rxa8 Kxa8 24. h5 Ngf8 25. fxe5 fxe5 26. Nd2 Kb7 27. Nf3 Nf6 28. h6 gxh6 29. Ndxe5 Ng6 30. Nf7 h5 31. e5 Ng4+ 32. Ke4 Kc7 33. Kf5 Ne3+ 34. Kg5 Nxc2 35. Kxh5 Nb4 36. N3g5 Nd3 37. e6 Nxb2 38. Nxh7 Ne7 39. g4 Nd3 40. g5 Nf4+ 41. Kg4 Nxe6 42. Ne5 Kd6 43. Nf7+ Kc7 44. Ne5 b5 45. g6 b4 46. Kh5 b3 47. Nc4 Nf5 48. Nf6 Neg7+ 49. Kg5 Nd6 50. Nb2 c5 51. Ng4 c4 52. Ne3 c3 53. Na4 b2 54. Nxc3 Ne4+ 55. Kh6 Nxc3 0-1


[Site "https://www.chess.com"]

[Event "Titled Tuesday Blitz January 03 Late 2023"]
[White "Karthik, Advaith"]
[Black "Weisz, Bryan"]
[WhiteFideId "30946050"]
[BlackFideId "30934133"]
[WhiteElo "2075"]
[BlackElo "1973"]
[Result "1-0"]
[Round "10"]
[TimeControl "180+2"]
[Date "2023.01.03"]
[WhiteClock "0:00:23"]
[BlackClock "0:00:17"]

1. d4 Nf6 2. c4 e5 3. dxe5 Ng4 4. e3 Nxe5 5. Nh3 b6 6. f4 Ng6 7. Qf3 Nc6 8. Be2 Bb7 9. O-O Bc5 10. Nc3 Qc8 11. Qg3 Rg8 12. Ne4 Nb4 13. Bf3 Nc2 14. Rb1 d6 15. Nxc5 bxc5 16. a3 Rb8 17. Bd2 Qe6 18. Bxb7 Rxb7 19. f5 Qxc4 20. fxg6 hxg6 21. Bc3 Kd7 22. Qf2 Qd3 23. Qxf7+ Kc6 24. Qxg8 Rb8 25. Qxb8 1-0


[Site "https://www.chess.com"]

[Event "Titled Tuesday Blitz January 03 Late 2023"]
[White "Kujawski, Adam"]
[Black "Quinones Garcia, Santiago"]
[WhiteFideId "1100920"]
[BlackFideId "4408497"]
[WhiteElo "2173"]
[BlackElo "2248"]
[Result "1-0"]
[Round "10"]
[TimeControl "180+2"]
[Date "2023.01.03"]
[WhiteClock "0:00:09"]
[BlackClock "0:01:10"]

1. e4 e5 2. Nf3 Nc6 3. Bb5 a6 4. Ba4 Nf6 5. O-O Be7 6. Re1 b5 7. Bb3 O-O 8. h3 Bb7 9. Nc3 d6 10. a3 Na5 11. Ba2 c5 12. d3 Qc7 13. Bg5 h6 14. Bxf6 Bxf6 15. Bd5 Be7 16. Bxb7 Qxb7 17. Nd5 Rfe8 18. Qd2 Nc6 19. b3 Nd4 20. Nxd4 cxd4 21. g3 Rac8 22. h4 Rc6 23. a4 Rec8 24. axb5 axb5 25. Ra2 Bd8 26. Rea1 Qd7 27. Kg2 Qg4 28. f3 Qe6 29. h5 f5 30. Rf1 Qf7 31. g4 Bg5 32. Qe2 f4 33. Rh1 Bd8 34. Qd2 Qb7 35. Kf2 Ra6 36. Rha1 Rca8 37. Rxa6 Rxa6 38. Rxa6 Qxa6 39. Ke2 Qa2 40. Kd1 Ba5 41. b4 Bd8 42. Qc1 Bh4 43. Kd2 Bf2 44. Ke2 Be3 45. Qd1 Qb2 46. Kf1 Qa2 47. Kg2 Qa8 48. Kh3 Bf2 49. Kg2 Bg3 50. Qb1 Qd8 51. Qb3 Qh4 52. Nf6+ Kf8 53. Qg8+ Ke7 54. Nd5+ Kd7 55. Qxg7+ Kd8 56. Qf8+ Kd7 57. Qf7+ Kd8 58. Qc7+ Ke8 59. Qc8+ Kf7 60. Qf5+ Ke8 61. Qe6+ Kf8 62. Qxd6+ Kg8 63. Qg6+ Kf8 64. Qxh6+ Ke8 65. Qg6+ Kd8 66. Qf6+ Qxf6 67. Nxf6 Ke7 68. Nd5+ Kf7 69. g5 Be1 70. Kh3 Kg7 71. Kg4 1-0


[Site "https://www.chess.com"]

[Event "Titled Tuesday Blitz January 03 Late 2023"]
[White "Kaplan, Avi Harrison"]
[Black "Kovacs, Klara"]
[WhiteFideId "30934559"]
[BlackFideId "733210"]
[WhiteElo "2146"]
[BlackElo "2121"]
[Result "1-0"]
[Round "10"]
[TimeControl "180+2"]
[Date "2023.01.03"]
[WhiteClock "0:01:31"]
[BlackClock "0:02:14"]

1. Nf3 d5 2. g3 Bg4 3. Bg2 c6 4. O-O Nd7 5. d4 Ngf6 6. Nbd2 e6 7. b3 c5 8. Bb2 Rb8 9. c4 Be7 10. cxd5 exd5 11. dxc5 Nxc5 12. Rc1 b6 13. Ne5 Bh5 14. Nc6 Qc7 15. Nxb8 Qxb8 16. Nf3 Nce4 17. Be5 Qd8 18. Bc7 Qd7 19. Bf4 O-O 20. Rc7 Qb5 21. Rxe7 Nc3 22. Qd3 Qa5 23. Bd2 Nfe4 24. Rxe4 dxe4 25. Qxc3 Qxc3 26. Bxc3 exf3 27. Bxf3 Bxf3 28. exf3 Rc8 29. Bd2 Rc2 30. Rc1 1-0


[Site "https://www.chess.com"]

[Event "Titled Tuesday Blitz January 03 Late 2023"]
[White "Suvorov, Alexander"]
[Black "Alexikov, Alexander"]
[WhiteFideId "12977063"]
[BlackFideId "14103958"]
[WhiteElo "2338"]
[BlackElo "2209"]
[Result "1-0"]
[Round "10"]
[TimeControl "180+2"]
[Date "2023.01.03"]
[WhiteClock "0:00:17"]
[BlackClock "0:00:21"]

1. Nf3 Nf6 2. g3 g6 3. Bg2 Bg7 4. O-O d6 5. d4 O-O 6. b3 c6 7. Bb2 Bf5 8. c4 Qc8 9. Re1 Bh3 10. Bh1 h6 11. e4 Na6 12. Nc3 Nd7 13. Ne2 e5 14. Bg2 Bxg2 15. Kxg2 Re8 16. h4 exd4 17. Bxd4 Ne5 18. Nxe5 dxe5 19. Be3 Qe6 20. Qc2 h5 21. Rad1 Bf8 22. Nc1 Bb4 23. Re2 Bc5 24. Nd3 Bxe3 25. Rxe3 Rad8 26. Re2 Rd4 27. Ne1 Red8 28. Rxd4 Rxd4 29. Nf3 Rd7 30. Qc3 f6 31. b4 Qe7 32. a3 Nc7 33. Qe3 b6 34. Qb3 Ne6 35. c5 bxc5 36. bxc5 Kg7 37. Rc2 Rd1 38. Qa4 Qd7 39. Rc3 Nd4 40. Qxd1 1-0


[Site "https://www.chess.com"]

[Event "Titled Tuesday Blitz January 03 Late 2023"]
[White "Blanco Acevedo, Cristobal Jose"]
[Black "Dinu, Dumitru-Daniel"]
[WhiteFideId "3900525"]
[BlackFideId "1208403"]
[WhiteElo "2310"]
[BlackElo "2203"]
[Result "0-1"]
[Round "10"]
[TimeControl "180+2"]
[Date "2023.01.03"]
[WhiteClock "0:00:27"]
[BlackClock "0:00:07"]

1. e4 c5 2. Nf3 e6 3. d4 cxd4 4. Nxd4 Nc6 5. Nc3 Nf6 6. Ndb5 Bb4 7. a3 Bxc3+ 8. Nxc3 d5 9. exd5 exd5 10. Bd3 O-O 11. O-O Bg4 12. f3 Bh5 13. Kh1 Re8 14. Bg5 Qd6 15. Bxf6 Qxf6 16. Qd2 Rad8 17. Rae1 Rxe1 18. Rxe1 d4 19. Ne4 Qh4 20. Qf2 Qxf2 21. Nxf2 Kf8 22. f4 h6 23. g4 Bg6 24. f5 Bh7 25. Kg2 f6 26. Nh3 Ne5 27. Nf4 Bg8 28. Kg3 Bf7 29. h4 Re8 30. Be4 Nc4 31. Nd3 Nd6 32. Bf3 Rc8 33. Re2 Bc4 34. Kf4 Bxd3 35. cxd3 Re8 36. Rc2 Re7 37. Rc5 Re1 38. Rd5 Ke7 39. Rxd4 Rb1 40. Rb4 b6 41. Ke3 Nf7 42. d4 Kd6 43. Rb5 Re1+ 44. Kf2 Rc1 45. Rd5+ Ke7 46. Rb5 Nd6 47. Rb3 Rc2+ 48. Kg3 Nc4 49. Rc3 Rxc3 50. bxc3 Nxa3 51. Be2 Nb1 52. c4 Na3 53. Bd3 b5 54. cxb5 Kd6 55. Kf4 Kd5 56. Ke3 Nc4+ 57. Bxc4+ Kxc4 58. Ke4 Kxb5 59. g5 hxg5 60. hxg5 a5 61. gxf6 gxf6 62. Kd3 Kc6 63. Kc4 a4 64. Kb4 Kd5 65. Kxa4 Kxd4 66. Kb4 Ke5 67. Kc3 Kxf5 68. Kd4 Kg4 69. Ke3 f5 70. Kf2 Kf4 71. Kg2 Ke3 72. Kf1 Kf3 73. Ke1 Kg2 74. Ke2 f4 75. Kd3 f3 76. Ke4 f2 77. Kd5 f1=Q 78. Ke6 Kg3 0-1


[Site "https://www.chess.com"]

[Event "Titled Tuesday Blitz January 03 Late 2023"]
[White "Pino Perez, Lazaro"]
[Black "Garcia Almaguer, Juan Manuel"]
[WhiteFideId "3517055"]
[BlackFideId "5110491"]
[WhiteElo "2142"]
[BlackElo "2090"]
[Result "0-1"]
[Round "10"]
[TimeControl "180+2"]
[Date "2023.01.03"]
[WhiteClock "0:00:02"]
[BlackClock "0:00:50"]

1. d4 Nf6 2. Bf4 d5 3. e3 e6 4. Nf3 Bd6 5. Nbd2 Bxf4 6. exf4 Qd6 7. g3 c5 8. dxc5 Qxc5 9. Bd3 Qb6 10. Rb1 Nc6 11. c3 O-O 12. O-O Rd8 13. Re1 a5 14. Qe2 d4 15. c4 Nb4 16. Ne4 Nxd3 17. Qxd3 Nd7 18. Nxd4 Nc5 19. Nxc5 Qxc5 20. Rbd1 b5 21. Nb3 Rxd3 22. Nxc5 bxc4 23. Nxd3 cxd3 24. Rxd3 Bb7 25. Rd7 Bd5 26. b3 g6 27. Rc1 a4 28. bxa4 Rxa4 29. Rc2 Bxa2 30. f3 Bd5 31. Kf2 Ra3 32. Rxd5 exd5 33. Rd2 Ra5 34. Ke3 Kf8 35. Kd4 Ke7 36. Rb2 Ra3 37. Kxd5 Rxf3 38. Ke5 Re3+ 39. Kd4 Re1 40. Kd3 Kf6 41. Re2 Ra1 42. Ke3 Rf1 0-1


[Site "https://www.chess.com"]

[Event "Titled Tuesday Blitz January 03 Late 2023"]
[White "qiaohu_henry"]
[Black "Vega Gutierrez, Sabrina"]
[BlackFideId "2219026"]
[WhiteElo "2253"]
[BlackElo "2377"]
[Result "0-1"]
[Round "10"]
[TimeControl "180+2"]
[Date "2023.01.03"]
[WhiteClock "0:00:20"]
[BlackClock "0:01:21"]

1. d4 d5 2. Bf4 e6 3. e3 Bd6 4. Bg3 Nf6 5. Nf3 O-O 6. c3 c5 7. Nbd2 b6 8. Ne5 a5 9. Be2 Bb7 10. O-O c4 11. f4 b5 12. Bh4 Be7 13. Ndf3 Ne4 14. Bxe7 Qxe7 15. Nd2 Nxd2 16. Qxd2 f6 17. Nf3 Nc6 18. g4 b4 19. Kh1 Rfb8 20. g5 f5 21. Bd1 a4 22. Qg2 a3 23. bxa3 bxc3 24. a4 Bc8 25. Qc2 Qa3 26. Qc1 Rb2 27. Ng1 Nb4 28. Ne2 c2 29. Bxc2 Nxc2 30. Rb1 Rxb1 31. Qxb1 Nxe3 32. Rg1 Ng4 33. Rf1 Qh3 0-1


[Site "https://www.chess.com"]

[Event "Titled Tuesday Blitz January 03 Late 2023"]
[White "Yashmetov, Mikhail"]
[Black "Wang, Alexander J"]
[WhiteFideId "24198900"]
[BlackFideId "30955270"]
[WhiteElo "2323"]
[BlackElo "1815"]
[Result "0-1"]
[Round "10"]
[TimeControl "180+2"]
[Date "2023.01.03"]
[WhiteClock "0:00:02"]
[BlackClock "0:00:10"]

1. d4 d5 2. c4 e6 3. g3 c5 4. cxd5 exd5 5. Bg2 Nf6 6. Nf3 Nc6 7. O-O Be7 8. Nc3 O-O 9. Bg5 c4 10. Ne5 h6 11. Be3 Be6 12. f4 a6 13. f5 Bc8 14. h3 Bd6 15. Bf4 Bxf5 16. Bxh6 Bh7 17. Bf4 Bxe5 18. dxe5 Ne4 19. Nxd5 Qa5 20. Nc3 Nxc3 21. bxc3 Qxc3 22. Rc1 Qb4 23. Qd6 Qxd6 24. exd6 Nd4 25. Rxc4 Nxe2+ 26. Kf2 Bd3 27. Rc7 Nxf4 28. gxf4 Bxf1 29. Kxf1 Rfd8 30. Bxb7 Rab8 31. d7 Kf8 32. Bxa6 Rb1+ 33. Kg2 Rb2+ 34. Kg3 Rxa2 35. Bc8 Rd2 36. Kf3 Ke7 37. Ke3 Rd6 38. Rc5 Rh6 39. Re5+ Kf8 40. Kd4 Rxh3 41. Kd5 Rd3+ 42. Kc6 Rc3+ 43. Kd6 Rcxc8 44. Rh5 Kg8 45. Ke7 Rb8 46. Rc5 Rf8 47. Rd5 Rbd8 48. Rc5 f6 49. Rc7 Rb8 50. f5 Rbd8 51. Rb7 Ra8 52. Rc7 Rf7+ 53. Ke6 Rd8 54. Rc8 Rxd7 55. Rc6 Rf7 56. Rb6 Rff8 57. Ra6 Rfe8# 0-1


[Site "https://www.chess.com"]

[Event "Titled Tuesday Blitz January 03 Late 2023"]
[White "Seletsky, Grigory"]
[Black "Papp, Petra"]
[WhiteFideId "14112191"]
[BlackFideId "739049"]
[WhiteElo "2259"]
[BlackElo "2343"]
[Result "1-0"]
[Round "10"]
[TimeControl "180+2"]
[Date "2023.01.03"]
[WhiteClock "0:02:06"]
[BlackClock "0:01:05"]

1. e4 c5 2. Nf3 d6 3. c3 Nf6 4. Bd3 Nc6 5. h3 g6 6. O-O Bg7 7. Re1 O-O 8. Bc2 Bd7 9. d4 cxd4 10. cxd4 e6 11. Nc3 a6 12. Bf4 Bc8 13. Qd2 b5 14. Bh6 Bb7 15. Rad1 d5 16. e5 Nd7 17. Bxg7 Kxg7 18. h4 h5 19. Ne2 Nb6 20. b3 a5 21. Nf4 a4 22. Bxg6 axb3 23. axb3 Qe7 24. Bb1 Nb4 25. Nxh5+ 1-0


[Site "https://www.chess.com"]

[Event "Titled Tuesday Blitz January 03 Late 2023"]
[White "Weetik, Vjacheslav"]
[Black "Van den Dikkenberg, Erik"]
[WhiteFideId "4153472"]
[BlackFideId "1005880"]
[WhiteElo "2423"]
[BlackElo "2091"]
[Result "1-0"]
[Round "10"]
[TimeControl "180+2"]
[Date "2023.01.03"]
[WhiteClock "0:00:19"]
[BlackClock "0:00:09"]

1. e4 c5 2. Nf3 d6 3. d4 cxd4 4. Nxd4 Nf6 5. Nc3 a6 6. Be3 Ng4 7. Bc1 Nc6 8. h3 Nf6 9. g4 g6 10. Be3 Bg7 11. Qd2 O-O 12. O-O-O Qa5 13. Kb1 Nxd4 14. Bxd4 b5 15. g5 Nh5 16. Nd5 Qd8 17. Be2 Bxd4 18. Qxd4 Be6 19. Bxh5 Bxd5 20. exd5 gxh5 21. Qh4 Qb6 22. Qxh5 Qxf2 23. Rhf1 Qc5 24. Rf5 Rac8 25. Qe2 e5 26. h4 Qc4 27. Qf2 Rc5 28. Rf1 Qxd5 29. h5 Qd4 30. Qg2 Qd5 31. Qe2 Qc4 32. Qh2 e4 33. Rf6 Rxg5 34. Qxd6 Qd5 35. Qf4 Rd8 36. a3 Rg2 37. Rxf7 Qd6 38. Qxe4 Qd2 39. Qxh7# 1-0


[Site "https://www.chess.com"]

[Event "Titled Tuesday Blitz January 03 Late 2023"]
[White "Fiorito, Francisco"]
[Black "Slavin, Alexey"]
[WhiteFideId "180165"]
[BlackFideId "24104388"]
[WhiteElo "2305"]
[BlackElo "2364"]
[Result "1-0"]
[Round "10"]
[TimeControl "180+2"]
[Date "2023.01.03"]
[WhiteClock "0:01:20"]
[BlackClock "0:00:01"]

1. Nf3 Nc6 2. d4 d6 3. Bf4 Nf6 4. h3 Bf5 5. e3 e6 6. c4 h6 7. Be2 Be7 8. Nc3 O-O 9. O-O Re8 10. Bh2 Bf8 11. Re1 e5 12. Rc1 e4 13. Nd2 Nb8 14. b4 Nbd7 15. Qb3 c6 16. a4 a6 17. b5 axb5 18. axb5 g5 19. Ra1 Qe7 20. bxc6 bxc6 21. Qb7 Rac8 22. Ra7 c5 23. d5 Rb8 24. Qa6 Rb6 25. Qa5 Reb8 26. Nb5 Ne8 27. Rc7 Qd8 28. Ra7 Ne5 29. Bxe5 dxe5 30. Bg4 Bxg4 31. hxg4 Nf6 32. g3 Nxg4 33. Nxe4 Qc8 34. Kg2 Qf5 35. f3 Nf6 36. Nxf6+ Qxf6 37. Rf1 Qg6 38. Rf2 Qd3 39. Qc3 Qf5 40. e4 Qf6 41. Qe3 h5 42. Rf1 Bh6 43. Qe2 h4 44. Rh1 hxg3 45. Rh3 Bg7 46. Rxg3 Qf4 47. Rg4 Qf6 48. Qe3 Bh6 49. Qxc5 R6b7 50. Rxb7 Rxb7 51. d6 Rb8 52. Qd5 Rd8 53. c5 Bg7 54. c6 Qg6 55. c7 Rc8 56. d7 Rf8 57. d8=Q 1-0


[Site "https://www.chess.com"]

[Event "Titled Tuesday Blitz January 03 Late 2023"]
[White "Guerra Rivera, Salvador"]
[Black "Corredor Castellanos, Camilo"]
[WhiteFideId "32096542"]
[BlackFideId "4425871"]
[WhiteElo "2290"]
[BlackElo "1957"]
[Result "0-1"]
[Round "10"]
[TimeControl "180+2"]
[Date "2023.01.03"]
[WhiteClock "0:00:23"]
[BlackClock "0:01:10"]

1. e4 c5 2. Nf3 d6 3. d4 cxd4 4. Nxd4 Nf6 5. f3 a6 6. c4 Nc6 7. Nc3 g6 8. Be3 Bg7 9. Be2 Nxd4 10. Bxd4 Be6 11. O-O O-O 12. Rc1 Rc8 13. Nd5 Bxd5 14. exd5 Qa5 15. Qb3 Qc7 16. Qe3 Rfe8 17. Bd3 Nd7 18. Bxg7 Kxg7 19. Qd4+ Kg8 20. Rfe1 a5 21. f4 Qc5 22. Qxc5 Rxc5 23. a3 a4 24. Rc2 Kf8 25. Kf2 Rec8 26. Ke3 Nb6 27. Rec1 e6 28. dxe6 fxe6 29. g4 Kg7 30. h4 h6 31. g5 hxg5 32. hxg5 Rh8 33. Kd4 Rh4 34. Rf2 Rxg5 35. Re1 Kf6 36. Kc3 Rg3 37. Rfe2 e5 38. fxe5+ dxe5 39. Rxe5 Rhh3 40. Re6+ Kf7 41. Rxb6 Rxd3+ 42. Kc2 Rb3 43. Rf1+ Kg7 44. Rbf6 Rh2+ 45. R6f2 Rxf2+ 46. Rxf2 g5 47. Kd1 g4 48. Ke1 Kg6 49. Rd2 Kg5 50. Kf2 Kf4 51. Rd4+ Kf5 52. Rd2 Ke4 53. Kg2 Ke3 54. Rf2 Kd3 55. Kg3 Kxc4+ 56. Kxg4 Rd3 57. Rf7 b5 58. Rf5 Rd2 59. Rf4+ Rd4 60. Kf3 Rxf4+ 61. Kxf4 Kd4 62. Kf3 Kd3 63. Kf2 Kd2 64. Kf3 Kc2 65. Ke3 Kxb2 66. Kd2 b4 67. axb4 a3 68. b5 a2 69. b6 a1=Q 70. b7 Qa7 71. b8=Q+ Qxb8 0-1


[Site "https://www.chess.com"]

[Event "Titled Tuesday Blitz January 03 Late 2023"]
[White "Hernandez Sanchez, Elvis De La Caridad"]
[Black "Le Goff, Ronan"]
[WhiteFideId "6400353"]
[BlackFideId "612073"]
[WhiteElo "2243"]
[BlackElo "2320"]
[Result "1-0"]
[Round "10"]
[TimeControl "180+2"]
[Date "2023.01.03"]
[WhiteClock "0:00:25"]
[BlackClock "0:00:48"]

1. e4 e5 2. Nf3 Nc6 3. Bb5 Nf6 4. O-O Nxe4 5. Re1 Nd6 6. a4 Be7 7. Nc3 O-O 8. d4 exd4 9. Nd5 Re8 10. Bf4 a6 11. Bf1 Bf8 12. Rxe8 Nxe8 13. Nxd4 Nxd4 14. Qxd4 d6 15. Re1 Be6 16. c4 Bxd5 17. cxd5 Qf6 18. Qd2 h6 19. a5 g5 20. Be3 Bg7 21. b4 Qc3 22. Rc1 Qxd2 23. Bxd2 Be5 24. h4 f6 25. Bd3 Kg7 26. h5 Kf8 27. Bf5 Ke7 28. g3 Kd8 29. Kg2 Ng7 30. Bg6 b6 31. f4 gxf4 32. gxf4 Bd4 33. f5 bxa5 34. bxa5 Rb8 35. Bxh6 Rb2+ 36. Kf3 Ne8 37. Bf4 Rb3+ 38. Ke4 Rb4 39. Kf3 Rb3+ 40. Kg4 Rb4 41. h6 Be3 42. Rf1 Bxf4 43. Rxf4 Rb1 44. h7 Rh1 45. Rf3 Rg1+ 46. Rg3 Rh1 47. Rh3 Rg1+ 48. Kf3 1-0


[Site "https://www.chess.com"]

[Event "Titled Tuesday Blitz January 03 Late 2023"]
[White "Bochnicka, Vladimir"]
[Black "Jenkins, Drake"]
[WhiteFideId "14943450"]
[BlackFideId "2022397"]
[WhiteElo "2327"]
[BlackElo "2130"]
[Result "0-1"]
[Round "10"]
[TimeControl "180+2"]
[Date "2023.01.03"]
[WhiteClock "0:00:14"]
[BlackClock "0:00:11"]

1. e4 c5 2. Nf3 g6 3. d4 cxd4 4. Nxd4 Nf6 5. Nc3 Nc6 6. Be2 h5 7. Be3 Bg7 8. f3 d5 9. exd5 Nxd5 10. Nxc6 bxc6 11. Nxd5 Qxd5 12. Qxd5 cxd5 13. O-O-O e6 14. b3 O-O 15. h4 Bd7 16. g4 a5 17. a4 hxg4 18. fxg4 e5 19. h5 d4 20. hxg6 Bc6 21. gxf7+ Rxf7 22. Bd2 Bxh1 23. Rxh1 Rc7 24. g5 Rac8 25. Bd3 Rf8 26. Bxa5 Rc6 27. Bc4+ Rxc4 28. bxc4 Ra8 29. Bc7 Rxa4 30. Re1 Rxc4 31. Bxe5 d3 32. c3 Bxe5 33. Rxe5 Rxc3+ 34. Kd2 Rc2+ 35. Kxd3 Rf2 36. Ke3 Rf1 37. Re6 Re1+ 38. Kf4 Rxe6 39. Kf5 Re7 40. Kf6 Rg7 41. Kf5 Kf7 42. g6+ Rxg6 43. Kf4 Re6 44. Kf5 Ke7 45. Kf4 Kd6 46. Kf5 Kd5 47. Kf4 Rf6+ 48. Kg5 Ke5 49. Kg4 Rf5 50. Kg3 Rf4 51. Kg2 Ke4 52. Kg1 Ke3 53. Kg2 Rf3 54. Kh2 Kf2 55. Kh1 Rh3# 0-1


[Site "https://www.chess.com"]

[Event "Titled Tuesday Blitz January 03 Late 2023"]
[White "Fishbein, Mitch"]
[Black "Sariego Figueredo, Wilfredo"]
[WhiteFideId "30922917"]
[BlackFideId "3500080"]
[WhiteElo "2120"]
[BlackElo "2318"]
[Result "1-0"]
[Round "10"]
[TimeControl "180+2"]
[Date "2023.01.03"]
[WhiteClock "0:00:51"]
[BlackClock "0:00:02"]

1. d4 d5 2. c4 c6 3. Nf3 Nf6 4. Qc2 g6 5. Bf4 Bf5 6. Qb3 Qb6 7. e3 Bg7 8. Nc3 e6 9. h3 Nbd7 10. Be2 O-O 11. O-O h5 12. c5 Qxb3 13. axb3 a6 14. b4 Ne4 15. Nxe4 Bxe4 16. Nd2 e5 17. Nxe4 dxe4 18. dxe5 Bxe5 19. Bxe5 Nxe5 20. Rfd1 Rfd8 21. Rd4 Rxd4 22. exd4 Nd7 23. Bc4 Nf6 24. Rd1 Rd8 25. Kf1 Kg7 26. Ke2 Nd5 27. Bxd5 cxd5 28. Ra1 Ra8 29. b5 Rb8 30. b4 axb5 31. Ra5 Rc8 32. Rxb5 Rc7 33. Ra5 Kf6 34. b5 Ke6 35. h4 f5 36. Ke3 Kf7 37. g3 Ke6 38. Ra7 Kd7 39. Kf4 Ke6 40. c6 Rc8 41. Rxb7 Ra8 42. c7 Kf6 43. Rb8 Ra3 44. Rb6+ Kf7 45. c8=Q Rf3+ 46. Ke5 Rxg3 47. Rb7# 1-0


[Site "https://www.chess.com"]

[Event "Titled Tuesday Blitz January 03 Late 2023"]
[White "Clawitter, Craig"]
[Black "Keller, Peter"]
[WhiteFideId "2023105"]
[BlackFideId "1272105"]
[WhiteElo "2050"]
[BlackElo "2358"]
[Result "1-0"]
[Round "10"]
[TimeControl "180+2"]
[Date "2023.01.03"]
[WhiteClock "0:02:16"]
[BlackClock "0:02:30"]

1. e4 c5 2. Nf3 Nc6 3. d4 cxd4 4. Nxd4 Nf6 5. Nc3 e5 6. Ndb5 d6 7. Bg5 a6 8. Na3 b5 9. Bxf6 gxf6 10. Nd5 f5 11. Bd3 Be6 12. O-O Ne7 13. Nf6# 1-0


[Site "https://www.chess.com"]

[Event "Titled Tuesday Blitz January 03 Late 2023"]
[White "Pesotskiy, Mikhail"]
[Black "Hernandez Bonilla, Amelia"]
[WhiteFideId "34164453"]
[BlackFideId "3900193"]
[WhiteElo "2153"]
[BlackElo "1960"]
[Result "1-0"]
[Round "10"]
[TimeControl "180+2"]
[Date "2023.01.03"]
[WhiteClock "0:00:10"]
[BlackClock "0:00:08"]

1. d4 Nf6 2. c4 e6 3. Nc3 Bb4 4. Qb3 Bxc3+ 5. Qxc3 Ne4 6. Qc2 f5 7. g3 b6 8. Bg2 Bb7 9. f3 Nf6 10. Nh3 d6 11. O-O Nbd7 12. e4 fxe4 13. fxe4 O-O 14. Ng5 Qe7 15. Bh3 h6 16. Nxe6 Bxe4 17. Qe2 Rfc8 18. Rf4 Bg6 19. Rh4 Nf8 20. Bxh6 gxh6 21. Rxh6 Bh7 22. Rf1 N8d7 23. g4 Ne4 24. g5 Nf8 25. g6 Nxg6 26. Qxe4 Re8 27. Kh1 Nf8 28. Rg1+ Kh8 29. d5 Nxe6 30. Bxe6 Rf8 31. Qd4+ Rf6 32. Rxf6 Be4+ 33. Rg2 Bxg2+ 34. Kxg2 Qg7+ 35. Kh1 Re8 36. Rh6# 1-0


[Site "https://www.chess.com"]

[Event "Titled Tuesday Blitz January 03 Late 2023"]
[White "Fernandez Hernandez, Gerardo"]
[Black "Forgacs, Attila Jr."]
[WhiteFideId "2207400"]
[BlackFideId "773654"]
[WhiteElo "2181"]
[BlackElo "2264"]
[Result "0-1"]
[Round "10"]
[TimeControl "180+2"]
[Date "2023.01.03"]
[WhiteClock "0:00:02"]
[BlackClock "0:00:45"]

1. e4 e5 2. Nf3 Nc6 3. Bc4 Nf6 4. Ng5 d5 5. exd5 Na5 6. Bb5+ c6 7. dxc6 bxc6 8. Qf3 Be7 9. Ba4 O-O 10. Ne4 Nd5 11. d3 f5 12. Ng3 e4 13. dxe4 fxe4 14. Qxe4 Bb4+ 15. c3 Re8 16. cxb4 Rxe4+ 17. Nxe4 Qe7 18. O-O Qxe4 19. Rd1 Qxb4 20. b3 Bf5 21. Bd2 Qg4 22. Nc3 Nxc3 23. Bxc3 Be4 24. f3 Bxf3 25. Rd2 Nb7 26. h3 Qg3 27. Rf1 Bd5 28. Bb4 a5 29. Ba3 Qe3+ 30. Rff2 h5 31. Kh2 h4 32. Bc1 Qg3+ 33. Kg1 Re8 34. Rd1 Rf8 35. Re2 Nd6 0-1


[Site "https://www.chess.com"]

[Event "Titled Tuesday Blitz January 03 Late 2023"]
[White "Graham, Nathaniel"]
[Black "Roman, Rodrigo"]
[WhiteFideId "2007983"]
[BlackFideId "3701220"]
[WhiteElo "2262"]
[BlackElo "2058"]
[Result "1-0"]
[Round "10"]
[TimeControl "180+2"]
[Date "2023.01.03"]
[WhiteClock "0:00:13"]
[BlackClock "0:00:07"]

1. e4 c5 2. Nf3 Nc6 3. d4 cxd4 4. Nxd4 Nf6 5. Nc3 e6 6. Ndb5 Bb4 7. a3 Bxc3+ 8. Nxc3 d5 9. Bd3 d4 10. Ne2 e5 11. Ng3 O-O 12. O-O Be6 13. f4 exf4 14. Bxf4 Ng4 15. Nf5 Nge5 16. Qe1 f6 17. Qg3 Qd7 18. Bh6 Rf7 19. Bd2 Kh8 20. Rf4 Rc8 21. Raf1 Ng6 22. R4f2 Nce5 23. h4 Ne7 24. Nxe7 Qxe7 25. h5 Ng4 26. Rf4 Ne5 27. h6 g5 28. Rxf6 Nxd3 29. Rxf7 Bxf7 30. Bxg5 Qxe4 31. Bf6# 1-0


[Site "https://www.chess.com"]

[Event "Titled Tuesday Blitz January 03 Late 2023"]
[White "Harish, Neeraj"]
[Black "Vifleemskaia, Svetlana"]
[WhiteFideId "30958130"]
[BlackFideId "4129490"]
[WhiteElo "2232"]
[BlackElo "1971"]
[Result "0-1"]
[Round "10"]
[TimeControl "180+2"]
[Date "2023.01.03"]
[WhiteClock "0:00:05"]
[BlackClock "0:00:10"]

1. e4 e5 2. Nf3 Nc6 3. Bc4 Nf6 4. d3 Be7 5. O-O O-O 6. Nc3 d6 7. a4 a6 8. Nd5 Bg4 9. h3 Bh5 10. c3 Re8 11. Be3 Na5 12. Ba2 b5 13. b4 Nc6 14. Nxf6+ Bxf6 15. Bd5 Qd7 16. c4 bxc4 17. dxc4 Rab8 18. b5 axb5 19. cxb5 Nd4 20. Bxd4 Bxf3 21. Qxf3 exd4 22. Bc6 Qe7 23. a5 d3 24. Rad1 Bd4 25. Qxd3 Ba7 26. Bxe8 Qxe8 27. Rb1 h6 28. Rfe1 Bc5 29. b6 cxb6 30. axb6 Qc6 31. e5 Rxb6 32. Rxb6 Qxb6 33. exd6 Bxf2+ 34. Kf1 Bxe1 35. Kxe1 Kf8 36. d7 Ke7 37. Kf1 Qc7 38. d8=Q+ Qxd8 39. Qe4+ Kf8 40. Kg1 Qe7 41. Qa8+ Qe8 42. Qa3+ Kg8 43. Qd3 Qe1+ 44. Kh2 Qe5+ 45. Kg1 g6 46. Qd8+ Kg7 47. Qd3 h5 48. Kh1 h4 49. Kg1 Qe1+ 50. Kh2 f5 51. Qd7+ Kh6 52. Qd6 Qe3 53. Qf8+ Kg5 54. Qd8+ Kh5 55. Qh8+ Qh6 56. Qd4 g5 57. Qd1+ Kg6 58. Qd6+ Kh5 59. Qd1+ g4 60. hxg4+ fxg4 61. Qd5+ Qg5 62. Qf7+ Qg6 63. Qf4 g3+ 64. Kh1 Qb1+ 0-1


[Site "https://www.chess.com"]

[Event "Titled Tuesday Blitz January 03 Late 2023"]
[White "Tamarozi, Isabelle"]
[Black "Almagro Mazariegos, Sebastian"]
[WhiteFideId "2132400"]
[BlackFideId "2221640"]
[WhiteElo "1982"]
[BlackElo "2280"]
[Result "0-1"]
[Round "10"]
[TimeControl "180+2"]
[Date "2023.01.03"]
[WhiteClock "0:00:21"]
[BlackClock "0:01:59"]

1. e4 c5 2. Nf3 d6 3. d4 cxd4 4. Nxd4 Nf6 5. Nc3 a6 6. Be2 e5 7. Nb3 Be6 8. f4 Qc7 9. f5 Bc4 10. g4 h6 11. g5 hxg5 12. Bxg5 Nbd7 13. Qd2 b5 14. O-O-O Rc8 15. Kb1 b4 16. Bxc4 bxc3 17. Bxf7+ Kxf7 18. Qg2 cxb2 19. Rd2 a5 20. a4 Qc4 21. Bxf6 Nxf6 22. Qg6+ Kg8 23. Rg1 Qf7 24. Qg3 Nxe4 25. Qd3 Nxd2+ 26. Qxd2 Qxf5 27. Qd5+ Qf7 28. Qxa5 Rxh2 29. Qa6 Rcxc2 0-1


[Site "https://www.chess.com"]